Map: Invader LE

Players

cartman

  • Race: Terran Terran
  • League: Platinum

blackxored - Winner!

  • Race: Zerg Zerg
  • League: Diamond

VOD

Have the link to the VOD?

Description

Time

  • Played on: July 1, 2016, 6:58 p.m.
  • Length: 22:20
Show
View Real Time Build Order
Export as new Build Order

cartman Terran 

Build Orders: 1/1/1, Banshee Rush 

Get SALT Encoding   

  12  0:01  SCV  
  13  0:13  SCV  
  14  0:18  Supply Depot  
  14  0:26  Refinery  
  14  0:28  SCV  
  15  0:42  Barracks  
  15  0:46  SCV  
  16  0:52  Refinery  
  16  0:59  SCV  
  17  1:11  SCV  
  18  1:23  SCV  
  19  1:32  Factory  
  19  1:38  Barracks Tech Lab  
  19  1:40  Orbital Command  
  19  1:49  Supply Depot  
  19  2:05  Barracks Tech Lab, SCV  
  20  2:19  Starport, SCV  
  21  2:26  Starport  
  21  2:29  Widow Mine  
  23  2:32  SCV  
  24  2:44  SCV  
  25  2:55  Cloaking Field  
  25  3:07  Supply Depot x2  
  25  3:12  Banshee x2  
  31  3:37  Command Center  
  31  3:47  Factory Tech Lab  
  31  3:55  Banshee x2  
  34  3:56  Supply Depot  
  37  4:06  SCV  
  38  4:11  Factory  
  38  4:22  Supply Depot  
  38  4:34  Liberator  
  41  4:56  SCV  
  41  4:57  Liberator  
  42  5:00  Engineering Bay, Factory Reactor  
  42  5:08  Orbital Command  
  45  5:25  SCV  
  45  5:26  Liberator  
  46  5:33  Missile Turret  
  46  5:35  Refinery  
  46  5:38  SCV  
  44  5:52  SCV  
  44  5:56  Hellion  
  46  6:11  Hellion  
  46  6:20  Hellion, SCV  
  51  6:33  Hellion  
  48  6:48  Raven  
  48  6:49  Orbital Command  
  48  6:52  SCV  
  51  7:03  Factory Reactor  
  51  7:13  SCV  
  51  7:14  Refinery  
  52  7:17  Refinery  
  52  7:18  Missile Turret  
  52  7:19  Missile Turret  
  52  7:20  Missile Turret  
  52  7:24  Command Center  
  52  7:27  SCV x2  
  54  7:40  Missile Turret  
  54  7:41  SCV  
  54  7:43  Starport  
  55  7:48  Supply Depot  
  47  7:54  Hellion x2  
  47  7:58  Supply Depot, SCV x2  
  53  8:01  Liberator  
  53  8:11  Supply Depot  
  53  8:14  SCV x2  
  58  8:23  Starport Reactor  
  58  8:24  Command Center  
  54  8:34  Hellion x3  
  52  8:49  SCV x2  
  52  8:51  Barracks Tech Lab  
  52  8:55  Hellion, SCV  
  57  8:59  Factory  
  57  9:01  SCV  
  57  9:02  Missile Turret  
  58  9:15  Liberator  
  58  9:16  Siege Tank, SCV x2  
  63  9:18  Liberator, SCV  
  64  9:28  SCV  
  64  9:30  Liberator x2  
  71  9:48  SCV  
  78  10:13  Siege Tank x2  
  84  10:15  Medivac  
  86  10:22  Armory  
  86  10:23  Orbital Command  
  86  10:30  Raven  
  88  10:39  Banshee  
  91  10:44  Hellion x2  
  86  11:13  Banshee  
  68  11:34  Hellion, Thor  
  68  11:35  Hellion  
  78  11:40  Liberator  
  70  11:57  Viking x2  
  77  12:07  Hellion x2  
  79  12:16  Liberator  
  77  12:30  Viking x2  
  67  12:56  Viking  
  55  13:26  Viking  
  47  13:45  Hellion  
  47  13:52  Liberator  
  45  14:09  Viking x3  
  54  14:40  Liberator  
  54  14:44  Hellion x4  
  65  15:05  Hellion x4  
  70  15:14  Missile Turret  
  70  15:21  SCV  
  71  15:25  Armory  
  71  15:26  Hellion, Liberator  
  71  15:27  Hellion x3  
  79  15:31  Missile Turret  
  79  15:42  Terran Ship Weapons Level 1  
  82  15:50  Supply Depot  
  82  15:51  Missile Turret  
  85  15:57  Hellion, Siege Tank  
  85  15:58  Hellion x2  
  91  16:04  Orbital Command  
  91  16:11  Liberator  
  91  16:19  Hellion x2  
  98  16:38  Missile Turret  
  98  16:39  Missile Turret x2  
  98  16:40  Refinery, Missile Turret  
  98  16:42  Refinery  
  98  16:44  Terran Vehicle And Ship Armor Level 1  
  98  17:01  SCV x3  
  101  17:02  Missile Turret  
  101  17:06  Liberator  
  101  17:08  Missile Turret  
  101  17:13  SCV  
  101  17:14  SCV x2  
  104  17:20  Supply Depot  
  104  17:25  SCV  
  104  17:29  Viking  
  110  17:30  SCV  
  111  17:47  Terran Ship Weapons Level 2  
  111  17:49  Viking x2  
  115  17:54  Refinery  
  115  17:56  Refinery  
  115  18:04  Infernal Pre-Igniter  
  115  18:16  SCV x2  
  105  18:47  Liberator x2  
  104  19:03  Viking x2  
  114  19:20  Command Center  
  114  19:25  Liberator  
  114  19:31  Siege Tank x2  
  119  19:32  Hellion x2  
  115  19:50  Liberator x2  
  78  20:07  Viking  
  84  20:20  Liberator  
  84  20:25  Viking  
  86  20:50  Viking x2  
  86  20:56  Siege Tank  
  93  21:03  Command Center  
  90  21:19  Command Center  
  90  21:20  Viking x3  
  96  21:37  Viking  
  98  21:43  Hellion  
  98  21:44  Hellion x3  
Show
View Real Time Build Order
Export as new Build Order

blackxored Zerg - Winner!

Build Orders: Hatch First, Ravager All-In 

Get SALT Encoding   

  12  0:01  Drone  
  13  0:08  Drone  
  14  0:17  Overlord  
  14  0:23  Extractor  
  14  0:24  Drone  
  15  0:36  Drone x2  
  17  0:59  Hatchery  
  17  1:02  Drone  
  17  1:03  Drone  
  18  1:16  Extractor  
  18  1:18  Spawning Pool  
  16  1:20  Drone x2  
  18  1:27  Drone  
  19  1:46  Overlord  
  19  1:51  Drone  
  20  2:09  Queen  
  20  2:12  Drone  
  20  2:14  Roach Warren  
  20  2:15  Extractor, Drone x2  
  24  2:20  Drone  
  24  2:22  Queen  
  24  2:25  Drone  
  27  2:32  Drone  
  28  2:39  Zergling x2  
  29  2:50  Overlord  
  29  2:57  Roach x3  
  35  3:03  Overlord  
  35  3:16  Roach x3  
  41  3:21  Overlord  
  41  3:28  Overlord  
  41  3:29  Overlord  
  41  3:35  Spore Crawler  
  41  3:37  Drone  
  41  3:44  Spore Crawler  
  40  3:54  Spore Crawler  
  40  3:55  Spore Crawler  
  38  3:56  Drone  
  38  4:00  Drone  
  40  4:12  Ravager x3  
  40  4:13  Ravager  
  40  4:15  Ravager  
  40  4:16  Ravager  
  46  4:23  Spore Crawler  
  45  4:26  Lair  
  40  4:53  Roach  
  40  4:54  Roach x3  
  48  5:07  Drone  
  48  5:08  Drone x3  
  52  5:16  Ravager  
  50  5:48  Zergling x22  
  50  5:49  Zergling x2  
  57  6:11  Zergling x12  
  57  6:15  Metabolic Boost  
  62  6:24  Ravager x3  
  43  6:55  Drone x10  
  54  7:01  Drone x2  
  55  7:10  Baneling Nest  
  55  7:13  Drone  
  55  7:18  Spore Crawler  
  55  7:19  Drone  
  53  7:52  Hatchery  
  52  7:58  Drone x2  
  52  7:59  Drone x8  
  62  8:06  Drone  
  62  8:07  Spire  
  62  8:15  Drone x2  
  62  8:16  Extractor, Drone  
  62  8:18  Extractor, Drone x2  
  65  8:21  Drone  
  50  8:56  Queen  
  50  8:57  Queen  
  54  9:06  Spore Crawler  
  54  9:09  Drone x15  
  68  9:11  Spore Crawler  
  68  9:13  Spore Crawler  
  68  9:15  Spore Crawler  
  65  9:17  Drone x2  
  65  9:19  Drone  
  68  9:27  Overseer  
  68  9:28  Mutalisk  
  70  9:31  Corruptor  
  72  9:40  Corruptor  
  74  9:47  Overlord x2  
  74  9:49  Overlord  
  73  10:07  Mutalisk x6  
  73  10:08  Mutalisk x2  
  73  10:13  Drone x2  
  73  10:14  Drone x2  
  93  10:18  Extractor  
  93  10:19  Extractor  
  93  10:21  Drone x3  
  94  10:23  Drone  
  94  10:24  Drone  
  94  10:25  Drone  
  97  10:29  Zerg Flyer Armor Level 1  
  97  10:34  Overlord x2  
  79  11:14  Mutalisk x6  
  79  11:15  Mutalisk x4  
  85  11:26  Mutalisk  
  87  11:44  Drone x3  
  87  11:45  Drone x2  
  86  11:53  Hatchery  
  85  11:54  Corruptor x2  
  85  11:55  Corruptor x2  
  85  11:58  Zergling x10  
  98  12:03  Drone  
  99  12:25  Overlord x2  
  99  12:26  Overlord x2  
  87  12:58  Mutalisk x6  
  87  12:59  Mutalisk  
  97  13:21  Mutalisk  
  97  13:22  Mutalisk x2  
  102  13:27  Zergling x6  
  94  13:48  Mutalisk x3  
  75  14:22  Mutalisk x6  
  87  14:28  Drone x2  
  85  14:42  Drone x4  
  88  14:51  Overseer  
  88  14:56  Mutalisk  
  88  14:57  Mutalisk  
  92  15:11  Hydralisk Den  
  90  15:28  Zerg Flyer Armor Level 2  
  90  15:30  Drone x2  
  90  15:33  Drone x2  
  94  15:40  Muscular Augments  
  94  15:45  Hatchery  
  94  15:47  Extractor, Overseer  
  94  15:48  Extractor, Hydralisk x2  
  94  15:49  Hydralisk  
  95  15:53  Overlord  
  97  16:04  Hydralisk  
  97  16:05  Hydralisk x2  
  103  16:27  Roach x7  
  103  16:28  Roach x2  
  103  16:32  Queen  
  123  16:36  Evolution Chamber  
  123  16:37  Evolution Chamber  
  121  16:41  Roach x2  
  121  16:44  Roach  
  121  16:46  Roach  
  129  16:49  Roach  
  131  17:02  Roach x2  
  131  17:03  Roach x3  
  131  17:06  Ravager x4  
  131  17:07  Ravager  
  131  17:08  Ravager  
  147  17:09  Ravager  
  147  17:15  Zerg Missile Weapons Level 1  
  148  17:24  Zerg Ground Armor Level 1  
  148  17:25  Drone x4  
  148  17:28  Overlord  
  152  17:31  Overlord  
  152  17:49  Drone x8  
  152  17:51  Overlord  
  160  18:10  Roach  
  160  18:11  Roach x3  
  168  18:13  Glial Reconstitution  
  168  18:30  Hatchery  
  163  18:40  Roach x13  
  167  19:03  Overlord x3  
  167  19:08  Drone  
  168  19:31  Corruptor  
  168  19:32  Corruptor x6  
  168  19:33  Corruptor x3  
  149  20:07  Corruptor  
  149  20:08  Corruptor x6  
  149  20:30  Corruptor x2  
  149  20:31  Corruptor x3  
  159  20:44  Roach  
  159  20:45  Roach x4  
  159  20:47  Ravager  
  159  20:48  Ravager x3  
  173  20:53  Drone  
  173  20:54  Drone x2  
  174  21:25  Corruptor x4  
  182  21:56  Extractor  
  182  21:57  Extractor  
Tags
 
Add a new tag
Caveats
  • Supply blocks, unpowered buildings, or Contaminate may cause inaccurate times.
  • Supply counts are checked every 10 seconds.